 Dungeon Crawl Stone Soup version 0.26.1-11-gd32895ea62 (webtiles) character file.

Game seed: 5435984516975921650

192 Zeld the Grasshopper (level 5, -1/35 HPs)
             Began as an Octopode Warper on May 18, 2021.
             Slain by an orc priest
             ... wielding a +2 flail of protection
              (3 damage)
             ... on level 2 of the Dungeon.
             The game lasted 00:13:36 (4201 turns).

Zeld the Grasshopper (Octopode Warper)              Turns: 4201, Time: 00:13:37

Health: -1/35      AC:  1    Str: 11    XL:     5   Next: 71%
Magic:  9/9        EV: 13    Int: 16    God:
Gold:   114        SH:  0    Dex: 11    Spells: 1/9 levels left

rFire    . . .     SeeInvis .   o - +0 mace
rCold    . . .     Faith    .   (no shield)
rNeg     . . .     Spirit   .   (helmet restricted)
rPois    .         Reflect  .   (no amulet)
rElec    .         Harm     .   (no ring)
rCorr    .         Rampage  .   (no ring)
Will     .....                  (no ring)
Stlth    ++........             (no ring)
HPRegen  0.11/turn              (no ring)
MPRegen  0.11/turn              (no ring)
                                (no ring)
                                (no ring)

@: no status effects
A: almost no armour, stealthy swim, amphibious, 8 rings, constrict 8, camouflage
1, gelatinous body 1
a: no special abilities


You were on level 2 of the Dungeon.
You visited 1 branch of the dungeon, and saw 3 of its levels.

You collected 114 gold pieces.

Inventory:

Hand Weapons
 a - a +0 mace
 o - a +0 mace (weapon)
Missiles
 b - 5 boomerangs of dispersal
 m - 12 poisoned darts (quivered)
Jewellery
 f - a cursed ring of positive energy {unknown}
Scrolls
 c - a scroll of blinking
 e - a scroll of identify {unknown}
 i - 3 scrolls of teleportation
Potions
 d - 3 potions of lignification
 g - a potion of brilliance {unknown}
 h - a potion of flight {unknown}
 j - a potion of attraction {unknown}
 k - a potion of curing {unknown}
 l - a potion of heal wounds {unknown}
 n - a potion of degeneration {unknown}


   Skills:
 - Level 2.3 Fighting
 * Level 3.3 Maces & Flails
 * Level 2.9 Throwing
 - Level 2.6 Dodging
 + Level 2.7 Spellcasting
 - Level 3.6 Translocations


You had one spell level left.
You knew the following spells:

 Your Spells              Type           Power        Failure   Level
a - Blink                 Tloc           N/A          6%          2
b - Gell's Gravitas       Tloc           7%           13%         3
c - Lesser Beckoning      Tloc           7%           13%         3

Your spell library contained the following spells:

 Spells                   Type           Power        Failure   Level
 Teleport Other           Tloc           14%          13%         3
 Passage of Golubria      Tloc           N/A          38%         4


Dungeon Overview and Level Annotations

Branches:
Dungeon (3/15)

Altars:


Innate Abilities, Weirdness & Mutations

You cannot wear most types of armour.
You are very stealthy in the water. (Stealth+)
You are amphibious.
You can wear up to eight rings at the same time.
You can use your tentacles to constrict eight enemies at once.
Your skin changes colour to match your surroundings (Stealth+).
Your rubbery body absorbs attacks. (AC +1, EV +1)


Message History

The orc priest is lightly wounded.
The orc priest completely misses you.
You hit the orc priest but do no damage.
The orc priest is lightly wounded.
You feel sick.
The orc priest hits you but does no damage.
You hit the orc priest but do no damage.
The orc priest is lightly wounded.
The orc priest barely misses you.
You barely miss the orc priest.
The orc priest is lightly wounded.
You feel less wooden. The orc priest misses you.
You completely miss the orc priest. Your grab misses the orc priest.
Your squeeze misses the orc priest.
The orc priest is lightly wounded.
You feel sick.
You are no longer poisoned.
The orc priest hits you with a +2 flail of protection.
You die...

####################
...................#
##################.##############
#...............@o.#............#
#.######......###>.#.##########'#
#.#....'......###..#.#.......<)..
#.#.####...........#.########....
#.#.####.........(.#.............
#.#.##............############...
#.#..'...........>[...).........)
#.####...........############(...
..# #...................#..#.#..


You could see an orc priest.

Vanquished Creatures
  Crazy Yiuf (D:2)
  Jessica (D:2)
  6 adders
  A gnoll (D:3)
  An ooze (D:1)
  A worm (D:2)
  3 dart slugs (D:2)
  2 leopard geckos
  An orc (D:3)
  4 bats
  5 giant cockroaches
  11 goblins
  7 hobgoblins
  2 frilled lizards
  6 kobolds
  11 rats
63 creatures vanquished.

Notes
Turn   | Place    | Note
-------+----------+-------------------------------------------
     0 | D:1      | Zeld the Octopode Warper began the quest for the Orb.
     0 | D:1      | Reached XP level 1. HP: 14/14 MP: 3/3
   696 | D:1      | Reached XP level 2. HP: 19/19 MP: 5/5
   699 | D:1      | Learned a level 2 spell: Blink
  1140 | D:1      | Reached XP level 3. HP: 14/24 MP: 6/6
  1148 | D:1      | Learned a level 3 spell: Gell's Gravitas
  2058 | D:2      | Noticed Jessica
  2071 | D:2      | Killed Jessica
  2072 | D:2      | Reached XP level 4. HP: 18/29 MP: 7/7
  3119 | D:2      | Found a runed translucent door.
  3120 | D:2      | Noticed Crazy Yiuf
  3128 | D:2      | Reached XP level 5. HP: 35/35 MP: 8/8
  3349 | D:2      | Killed Crazy Yiuf
  3754 | D:2      | Learned a level 3 spell: Lesser Beckoning
  4201 | D:2      | Slain by an orc priest

Illustrated notes

Levels and vault maps discovered:
D:1:      tarquinn_simple_flora_water_a, layout_loops_ring,
          minmay_misc_feat_diagonals, minmay_pentomino_z2
D:2:      layout_basic, uniq_jessica, uniq_crazy_yiuf_cottage
D:3:      layout_rooms, grunt_ministairs_15, kennysheep_generic_room_7

Skill      XL: |  1  2  3  4  5 |
---------------+----------------+-----
Throwing       | 2 |  2.9
Maces & Flails | 3 |  3.3
Fighting       | |  2.3
Dodging        | |  2.6
Spellcasting   | |  2.7
Translocations | |  3.6

Action                   |  1- 3 |  4- 6 || total
-------------------------+-------+-------++-------
Melee: Mace              |    65 |    85 ||   150
       Constrict         |    14 |    15 ||    29
       Tentacles         |     6 |     9 ||    15
Throw: Dart              |       |     1 ||     1
 Cast: Blink             |       |     3 ||     3
       Gell's Gravitas   |       |     2 ||     2
  Use: Scroll            |     1 |       ||     1
       Potion            |       |     1 ||     1
 Stab: Sleeping          |     4 |     2 ||     6
Armor: Skin              |     5 |    26 ||    31
Dodge: Dodged            |    37 |    56 ||    93
